 Dungeon Crawl Stone Soup version 0.30-a0-4-ga7cffc9 (webtiles) character file.

Game seed: 11242980285125628559

286 Dorkslayer the Conjurer (level 6, -1/39 HPs)
             Began as an Octopode Conjurer on Aug 21, 2022.
             Was an Initiate of Gozag.
             Constricted to death by Sigmund (5 damage)
             ... on level 4 of the Dungeon.
             The game lasted 00:18:58 (4672 turns).

Dorkslayer the Conjurer (Octopode Conjurer)         Turns: 4672, Time: 00:18:59

Health: -1/39      AC:  1    Str:  9    XL:     6   Next: 30%
Magic:  1/10       EV: 10    Int: 20    God:    Gozag
Gold:   209        SH:  0    Dex: 10    Spells: 2/11 levels left

rFire   . . .      SeeInvis .    b - +0 trident
rCold   + . .      Faith    .    (no shield)
rNeg    . . .      Spirit   .    (helmet restricted)
rPois   .          Reflect  .    (no amulet)
rElec   .          Harm     .    o - ring of flight
rCorr   .          Rampage  .    q - ring of wizardry
Will    .....                    (no ring)
Stlth   +++.......               (no ring)
HPRegen 0.13/turn                (no ring)
MPRegen 0.12/turn                (no ring)
                                 (no ring)
                                 (no ring)

@: grasped by roots, flying, constricted, unable to drink
A: almost no armour, amphibious, 8 rings, camouflage 1, gelatinous body 1,
(nimble swimmer 1), tentacles, cold resistance 1, inability to drink after
injury 1
a: Renounce Religion, Potion Petition, Call Merchant, Bribe Branch


You were on level 4 of the Dungeon.
You worshipped Gozag.
Gozag was aware of your devotion.
You visited 1 branch of the dungeon, and saw 4 of its levels.

You collected 326 gold pieces.
You spent 56 gold pieces at shops.
You paid 61 gold pieces to Gozag.

Inventory:

Hand Weapons
 b - a +0 trident (weapon)
Missiles
 m - 4 javelins (quivered)
 p - 4 boomerangs
 t - 6 silver javelins
Jewellery
 o - a ring of flight (left tentacle)
 q - a ring of wizardry (right tentacle)
Wands
 f - a wand of flame (4)
Scrolls
 c - a scroll of magic mapping
 h - a scroll of immolation
Potions
 a - 3 potions of magic
 d - a potion of invisibility
 e - a potion of might
 g - a potion of curing
 s - a potion of mutation
 u - a potion of degeneration {unknown}


   Skills:
 * Level 1.9 Fighting
 + Level 1.5 Polearms
 + Level 1.0 Throwing
 + Level 3.0 Dodging
 + Level 3.5 Stealth
 + Level 1.9 Unarmed Combat
 * Level 3.2 Spellcasting
 + Level 4.5 Conjurations
 * Level 0.1 Translocations
 * Level 0.1 Evocations


You had 2 spell levels left.
You knew the following spells:

 Your Spells              Type           Power      Damage    Failure   Level
a - Magic Dart            Conj           84%        1d7       1%          1
b - Searing Ray           Conj           42%        2d6       1%          2
c - Iskenderun's Mystic   Conj/Tloc      12%        2d5       21%         4
d - Passwall              Tmut/Erth      2%         N/A       9%          2

Your spell library contained the following spells:

 Spells                   Type           Power      Damage    Failure   Level
 Apportation              Tloc           6%         N/A       5%          1
 Necrotise                Necr           12%        1d4       6%          1
 Summon Small Mammal      Summ           12%        N/A       6%          1
 Ensorcelled Hibernation  Hex/Ice        6%         N/A       9%          2
 Dazzling Flash           Conj/Hex       24%        N/A       6%          3
 Swiftness                Air            3%         N/A       16%         3
 Fulminant Prism          Conj/Hex       6%         3d7       21%         4
 Irradiate                Conj/Tmut      6%         3d13      50%         5
 Blade Hands              Tmut           1%         N/A       80%         5
 Dragon Form              Tmut           1%         N/A       100%        7


Dungeon Overview and Level Annotations

Branches:
Dungeon (4/15)
 Temple: D:4-7

Altars:
Gozag
Ru

Shops:
D:3 *

Annotations:
D:4 Sigmund


Innate Abilities, Weirdness & Mutations

You cannot wear most types of armour.
You are amphibious.
You can wear up to eight rings at the same time.
Your skin changes colour to match your surroundings (Stealth+).
Your rubbery body absorbs attacks. (AC +1, EV +1)
((You are camouflaged when in or above water. (Stealth+)))
You have tentacles for arms and can constrict up to eight enemies at once.
Your flesh is cold resistant. (rC+)
You occasionally lose the ability to drink potions when taking damage.


Message History

You feel threatened and lose the ability to drink potions!
The grasping roots constrict you.
* * * LOW HITPOINT WARNING * * *
The grasping roots release their grip on you.
You cannot drink potions in your current state!
You cannot drink potions in your current state!
Unknown command.
You are too confused!
Unknown command.
Non-targeted confused throw: 4 boomerangs
Press: ? - help, Q - select action, (/) - cycle Dir - look around, f - activate
Okay, then.
Non-targeted confused throw: 5 javelins
Press: ? - help, Q - select action, (/) - cycle Dir - look around, f - activate Look: Sigmund, wielding a +0 scythe, wearing a +2 robe of willpower and carrying a wand of roots (8) (heavily wounded)
You throw a javelin.
Unknown command.
You're too confused to aim your attacks!
Sigmund barely misses you.
Sigmund points at you and mumbles some strange words.
The magic dart hits you!
* * * LOW HITPOINT WARNING * * *
You cannot drink potions in your current state!
Okay, then.
Sigmund misses you.
You feel less confused.
You cannot drink potions in your current state!
Okay, then.
As you read the scroll labelled VOUGOK UBBU, it crumbles to dust.
It is a scroll of amnesia.
Really abort (and waste the scroll)?
Okay, then.
As you read the scroll labelled BIXKAC PEAK, it crumbles to dust.
It is a scroll of enchant armour.
You aren't carrying any armour which can be enchanted further.
Sigmund zaps a wand.
The roots erupt in riotous growth!
The grasping roots grab you! The grasping roots constrict you.
You die...
Your body crumbles into a pile of gold.

... #..# .$.##...####.#
##...##+##..##...##+######.#
..................#.........
..................#.........
..................#.........
.(................#>........
...........@$....(#...<.....
..................#.........
...........@......#.........
#....##.##+##########......#
### ##.##..##...##..#######
#.......#........#
#.......#........#
#.......'........#
##################


You could see Sigmund.

Vanquished Creatures
  The ghost of Ozzieoiler the Sneak, an amateur DsEn (D:3)
  7 gnolls
  4 adders
  A worm (D:2)
  2 dart slugs
  An orc (D:4)
  5 bats
  11 endoplasms
  3 giant cockroaches
  9 goblins
  7 hobgoblins
  10 jackals
  7 kobolds
  7 quokkas
  9 ball pythons
  2 frilled lizards
  3 rats
89 creatures vanquished.

Vanquished Creatures (others)
  17 plants (D:1)
17 creatures vanquished.

Grand Total: 106 creatures vanquished

Notes
Turn   | Place    | Note
-------+----------+-------------------------------------------
     0 | D:1      | Dorkslayer the Octopode Conjurer began the quest for the
                  | Orb.
     0 | D:1      | Reached XP level 1. HP: 11/11 MP: 3/3
   696 | D:1      | Reached XP level 2. HP: 17/18 MP: 1/5
  1542 | D:1      | Reached XP level 3. HP: 22/22 MP: 3/6
  1658 | D:1      | Reached skill level 1 in Fighting
  1986 | D:2      | Learned a level 2 spell: Searing Ray
  2129 | D:2      | Reached skill level 1 in Unarmed Combat
  2194 | D:2      | HP: 1/23 [gnoll/+0 whip (4)]
  2195 | D:2      | Reached XP level 4. HP: 1/28 MP: 7/7
  2200 | D:2      | Reached skill level 1 in Polearms
  2553 | D:2      | Learned a level 4 spell: Iskenderun's Mystic Blast
  3030 | D:3      | Reached XP level 5. HP: 33/33 MP: 7/9
  3107 | D:3      | Found a faded altar of an unknown god.
  3190 | D:3      | Found a sacrificial altar of Ru.
  3375 | D:3      | Found Lura's General Store.
  3403 | D:3      | Bought a potion of might for 56 gold pieces
  3589 | D:3      | Found a runed translucent gate.
  3590 | D:3      | Found a runed translucent gate.
  3590 | D:3      | Found a runed translucent gate.
  3591 | D:3      | Found an opulent altar of Gozag.
  3592 | D:3      | Noticed Ozzieoiler's ghost (amateur DsEn)
  3601 | D:3      | Learned a level 2 spell: Passwall
  3977 | D:3      | Gained mutation: You occasionally lose the ability to drink
                  | potions when taking damage. [potion of mutation]
  3977 | D:3      | Gained mutation: Your flesh is cold resistant. (rC+)
                  | [potion of mutation]
  3993 | D:3      | Killed Ozzieoiler's ghost
  3994 | D:3      | Reached XP level 6. HP: 24/39 MP: 2/10
  4131 | D:3      | Became a worshipper of Gozag Ym Sagoz the Greedy
  4372 | D:4      | Reached skill level 1 in Throwing
  4656 | D:4      | Noticed Sigmund
  4672 | D:4      | Constricted to death by Sigmund

Illustrated notes

Levels and vault maps discovered:
D:1:      dpeg_arrival_oval, layout_basic, wad_woods_river_04
D:2:      layout_loops_ring
D:3:      layout_basic, nicolae_ru_awakened_eye, serial_shops,
          nicolae_shop_hallway_plus, hellmonk_ecumenical_altar_dog_temple,
          ebering_ghost_gozag
D:4:      layout_gridville, uniq_ijyb, uniq_sigmund

Skill      XL: |  1  2  3  4  5  6 |
---------------+-------------------+-----
Fighting       | 1 |  1.9
Unarmed Combat | 1 |  1.9
Polearms       | 1 |  1.5
Stealth        | 3 |  3.5
Spellcasting   | 3 |  3.2
Dodging        | 3 |  3.0
Throwing       | 1 |  1.0
Conjurations   | |  4.5
Translocations | |  0.1
Evocations     | |  0.1

Action                   |  1- 3 |  4- 6 || total
-------------------------+-------+-------++-------
Melee: Trident           |   102 |    33 ||   135
       Tentacles         |    33 |     4 ||    37
       Constrict         |    26 |     7 ||    33
       Punch             |     2 |       ||     2
Throw: Javelin           |     7 |     1 ||     8
       Boomerang         |       |     6 ||     6
 Cast: Magic Dart        |    36 |    48 ||    84
       Searing Ray       |       |    18 ||    18
       Iskenderun's Myst |       |     1 ||     1
  Use: Scroll            |     1 |    12 ||    13
       Potion            |       |     6 ||     6
 Stab: Sleeping          |     1 |     2 ||     3
Armor: Skin              |     1 |     3 ||     4
Dodge: Dodged            |    21 |    39 ||    60

Table legend: (Time is in decaauts)
 A = Elapsed time spent in this place.
 B = Non-inter-level travel time spent in this place.
 C = Inter-level travel time spent in this place.
 D = Time resting spent in this place.
 E = Time spent auto-exploring this place.
 F = Levels seen in this place.
 G = Mean time per level.
                   A        B        C        D        E       F      G
               +--------+--------+--------+--------+--------+-----+--------+
         Total |   4714 |   4696 |     18 |    180 |   3266 |   4 | 1178.5 |
       Dungeon |   4714 |   4696 |     18 |    180 |   3266 |   4 | 1178.5 |
               +--------+--------+--------+--------+--------+-----+--------+

Top non-repeatable levels by time:
     D:1: 1990 daAuts
     D:3: 1227 daAuts
     D:2: 990 daAuts
     D:4: 506 daAuts
